 Dungeon Crawl Stone Soup version 0.24-a0-779-g36f0aeb843 (webtiles) character file.

Game seed: 12542467422561816625, levelgen mode: deterministic

21 Kohma the Magician (level 2, -7/26 HPs)
             Began as a Gnoll Wanderer on Oct 8, 2019.
             Mangled by a gnoll
             ... wielding a +0 spear
              (11 damage)
             ... on level 1 of the Dungeon.
             The game lasted 00:02:29 (1013 turns).

Kohma the Magician (Gnoll Wanderer)                 Turns: 1013, Time: 00:02:29

Health: -7/26      AC:  2    Str: 17    XL:     2   Next: 83%
Magic:  3/10       EV: 11    Int: 12    God:
Gold:   62         SH:  0    Dex: 13    Spells: 14/15 levels left

rFire    . . .     SeeInvis .   a - +0 spear
rCold    . . .     Gourm    .   (no shield)
rNeg     . . .     Faith    .   d - +0 robe
rPois    .         Spirit   .   (no helmet)
rElec    .         Reflect  .   (no cloak)
rCorr    .         Harm     .   (no gloves)
MR       .....                  (no boots)
Stlth    +.........             (no amulet)
HPRegen  0.08/turn              (no ring)
MPRegen  0.12/turn              (no ring)

@: very slightly contaminated
A: distributed training, fangs 1, strong nose
a: no special abilities


You were on level 1 of the Dungeon.
You were not hungry.

You visited 1 branch of the dungeon, and saw 1 of its levels.

You collected 62 gold pieces.

Inventory:

Hand Weapons
 a - a +0 spear (weapon)
Missiles
 b - 38 stones (quivered)
Armour
 d - a +0 robe (worn)
Scrolls
 j - a scroll of identify {unknown}
 k - a scroll of noise {unknown}
Potions
 c - a potion of lignification
 e - 2 potions of cancellation {unknown}
 h - a potion of curing {unknown}
 i - 2 potions of haste {unknown}
Comestibles
 f - a ration
 g - a chunk of flesh


   Skills:
 + Level 4.5 Fighting
 + Level 0.5 Short Blades
 + Level 0.5 Long Blades
 + Level 0.5 Axes
 + Level 0.5 Maces & Flails
 + Level 0.5 Polearms
 + Level 0.5 Staves
 + Level 0.5 Slings
 + Level 0.5 Bows
 + Level 0.5 Crossbows
 + Level 0.5 Throwing
 + Level 2.5 Armour
 + Level 0.5 Dodging
 + Level 0.5 Stealth
 + Level 2.5 Shields
 + Level 0.5 Unarmed Combat
 + Level 7.1 Spellcasting
 + Level 0.3 Conjurations
 + Level 0.3 Hexes
 + Level 0.3 Charms
 + Level 2.0 Summonings
 + Level 0.3 Necromancy
 + Level 2.0 Translocations
 + Level 0.3 Transmutations
 + Level 0.3 Fire Magic
 + Level 0.3 Ice Magic
 + Level 0.3 Air Magic
 + Level 0.3 Earth Magic
 + Level 0.3 Poison Magic
 + Level 0.6 Invocations
 + Level 2.5 Evocations


You had 14 spell levels left.
You knew the following spells:

 Your Spells              Type           Power        Failure   Level  Hunger
a - Magic Dart            Conj           #...         14%         1    None

Your spell library contained the following spells:

 Spells                   Type           Power        Failure   Level  Hunger
 Blink                    Tloc           N/A          11%         2    #......
 Call Imp                 Summ           #.......     11%         2    #......
 Slow                     Hex            #.......     22%         2    #......
 Conjure Flame            Conj/Fire      #.......     38%         3    ###....
 Mephitic Cloud           Conj/Pois/Air  #.......     38%         3    ###....


Dungeon Overview and Level Annotations

Branches:
Dungeon (1/15)

Altars:


Innate Abilities, Weirdness & Mutations

Your experience applies equally to all skills.
You have very sharp teeth.
Your uncanny sense of smell can sniff out nearby items.


Message History

The gnoll hits you from afar with a +0 spear.
* * * LOW HITPOINT WARNING * * *
Casting: Magic Dart (safe; 14% risk of failure)
Confirm with . or Enter, or press ? or * to list all spells.
Aiming: Magic Dart (safe; 14% risk of failure)
Press: ? - help, Shift-Dir - straight line, f/p - gnoll
Aim: a gnoll, wielding a +0 spear (lightly wounded)
The magic dart hits the gnoll.
The gnoll is heavily wounded.
The gnoll hits you from afar with a +0 spear.
* * * LOW HITPOINT WARNING * * *
Casting: Magic Dart (safe; 14% risk of failure)
Confirm with . or Enter, or press ? or * to list all spells.
Aiming: Magic Dart (safe; 14% risk of failure)
Press: ? - help, Shift-Dir - straight line, f/p - gnoll
Aim: a gnoll, wielding a +0 spear (heavily wounded)
The magic dart hits the gnoll.
The gnoll is almost dead.
The gnoll hits you from afar with a +0 spear!
You die...

..#....##### #.....#
..###.##...# #.....# ...# ..
..# #.##...# #.....# ..#+#.#
#####'##...####...## ......#
.#...[.#...#......# #.....#
.#.....#...#....#######.....#
.#..............'....(+.....#
.###########....#######.....#
...)............@†g........>#
.####.#####.#######...#####...#
.# #.# #.# #...# ## .#
#.#####.. #...# .####....##...
#...# ..........#.... #....
#...#.....#.#### ##....
#...#.)...#.# +.....
..........#.


You could see a gnoll.

Vanquished Creatures
  A dart slug (D:1)
  2 leopard geckos (D:1)
  5 goblins (D:1)
  A hobgoblin (D:1)
  2 bats (D:1)
  A frilled lizard (D:1)
  3 kobolds (D:1)
  3 rats (D:1)
18 creatures vanquished.

Notes
Turn   | Place    | Note
-------+----------+-------------------------------------------
     0 | D:1      | Kohma the Gnoll Wanderer began the quest for the Orb.
     0 | D:1      | Kohma set off with the following items: a +0 spear, a
                  | potion of lignification, a +0 robe, a ration; and the
                  | following spell memorised: Magic Dart; and the following
                  | spells available to memorise: Blink, Call Imp, Slow,
                  | Conjure Flame, Mephitic Cloud
     0 | D:1      | Reached XP level 1. HP: 20/20 MP: 8/8
   337 | D:1      | Reached XP level 2. HP: 19/26 MP: 10/10
  1013 | D:1      | Mangled by a gnoll

Levels and vault maps discovered:
D:1:      dpeg_arrival_rhombi, layout_basic, st_stairs_7,
          minmay_misc_feat_more_columns

Skill      XL: |  1 |
---------------+----+-----
Summonings     | 2 |  2.0
Translocations | 2 |  2.0
Fighting       | |  4.5
Short Blades   | |  0.5
Long Blades    | |  0.5
Axes           | |  0.5
Maces & Flails | |  0.5
Polearms       | |  0.5
Staves         | |  0.5
Slings         | |  0.5
Bows           | |  0.5
Crossbows      | |  0.5
Throwing       | |  0.5
Armour         | |  2.5
Dodging        | |  0.5
Stealth        | |  0.5
Shields        | |  2.5
Unarmed Combat | |  0.5
Spellcasting   | |  7.1
Conjurations   | |  0.3
Hexes          | |  0.3
Charms         | |  0.3
Necromancy     | |  0.3
Transmutations | |  0.3
Fire Magic     | |  0.3
Ice Magic      | |  0.3
Air Magic      | |  0.3
Earth Magic    | |  0.3
Poison Magic   | |  0.3
Invocations    | |  0.6
Evocations     | |  2.5

Action                   || total
-------------------------++-------
Melee: Spear             ||    45
       Bite              ||     5
 Cast: Magic Dart        ||    26
 Stab: Sleeping          ||     1
Armor: Robe              ||     7
Dodge: Dodged            ||    25

Table legend:
 A = Non-vault XP
 B = Vault XP
 C = Vault XP percentage of total XP
 D = Non-vault monster count
 E = Vault monster count
 F = Vault count percentage of total count
                 A         B        C        D         E       F
            +---------+---------+-------+---------+---------+-------
      Total |      30 |       0 |   0.0 |      18 |       0 |   0.0
            +---------+---------+-------+---------+---------+-------
        D:1 |      30 |       0 |   0.0 |      18 |       0 |   0.0
            +---------+---------+-------+---------+---------+-------
